 Dungeon Crawl Stone Soup version 0.25-a0-410-g53dbb631d1 (webtiles) character file.

Game seed: 412279410083965437, levelgen mode: deterministic

46 LennartNight the Slasher (level 3, -4/23 HPs)
             Began as a Tengu Berserker on Jan 13, 2020.
             Was a Believer of Trog.
             Slain by an ogre
             ... wielding a +0 giant club
              (12 damage)
             ... on level 2 of the Dungeon.
             The game lasted 00:04:26 (1215 turns).

LennartNight the Slasher (Tengu Berserker)          Turns: 1215, Time: 00:04:26

Health: -4/23      AC:  9    Str: 17    XL:     3   Next: 68%
Magic:  4/4        EV:  8    Int:  7    God:    Trog [**....]
Gold:   49         SH:  0    Dex: 14    Spells: 2/2 levels left

rFire    . . .     SeeInvis .   a - +0 falchion
rCold    . . .     Gourm    .   (no shield)
rNeg     . . .     Faith    .   h - +0 chain mail (curse)
rPois    .         Spirit   .   (helmet restricted)
rElec    .         Reflect  .   (no cloak)
rCorr    .         Harm     .   g - +0 pair of gloves
MR       .....                  (boots unavailable)
Stlth    ..........             (no amulet)
HPRegen  0.07/turn              (no ring)
MPRegen  0.09/turn              (no ring)

@: no status effects
A: beak, talons 3
a: Berserk, Trog's Hand, Renounce Religion


You were on level 2 of the Dungeon.
You worshipped Trog.
Trog was pleased with you.
You were hungry.

You visited 1 branch of the dungeon, and saw 2 of its levels.

You collected 49 gold pieces.

Inventory:

Hand Weapons
 a - a +0 falchion (weapon)
Missiles
 i - 6 silver javelins (quivered)
 j - 22 arrows
Armour
 g - a +0 pair of gloves (worn)
 h - a cursed +0 chain mail (worn)
Scrolls
 d - 2 scrolls of identify {unknown}
 e - a scroll of teleportation {unknown}
 f - 2 scrolls of amnesia {unknown}
 k - a scroll of random uselessness {unknown}
 m - a scroll of remove curse {unknown}
Potions
 b - 2 potions of degeneration {unknown}
 l - a potion of brilliance {unknown}
 n - a potion of resistance {unknown}
Comestibles
 c - 5 rations


   Skills:
 + Level 3.6 Fighting
 + Level 4.1 Long Blades
 + Level 2.4 Armour
 + Level 2.5 Dodging


You had 2 spell levels left.
You didn't know any spells.
Your spell library was empty.

Dungeon Overview and Level Annotations

Branches:
Dungeon (2/15)

Altars:
Uskayaw


Innate Abilities, Weirdness & Mutations

You have a beak for a mouth.
You have claws for feet.


Message History

You kill the leopard gecko!
Trog accepts your kill. The ogre barely misses you.
You riposte.
You hit the ogre but do no damage.
An ogre is nearby!
You hit the ogre. Your kick misses the ogre.
The ogre is moderately wounded.
The ogre hits you with a +0 giant club!
Ouch! That really hurt!
An ogre is nearby!
You are too injured to fight recklessly!
An ogre is nearby!
You are too injured to fight recklessly!
An ogre is nearby!
You are too injured to fight recklessly!
You are too injured to fight recklessly!
You slash the ogre! You claw the ogre, but do no damage. You peck the ogre.
The ogre is severely wounded.
The ogre hits you with a +0 giant club!
Ouch! That really hurt!
You die...

#.# #.# #.# #.# #.#
#.#### ##########.#
#....## #.......##.#
#......
#.......##.######......
#......%..........##...
######.#...#.#.#.......
#@#.###.#.#.###...
#.....†O#.....#.#.###...
#.....[.#†.####.#.......
#.......#.......#<.##...
#######.#.########.#####
#.................
#.#.#####.##.#.### #>...
..........# # #.#
###.#.##.#..


You could see an ogre.

Vanquished Creatures
  An adder (D:2)
  A dart slug (D:2)
  A leopard gecko (D:2)
  6 bats
  9 goblins (D:1)
  2 hobgoblins (D:1)
  3 jackals (D:1)
  A kobold (D:2)
  3 frilled lizards
  6 rats
33 creatures vanquished.

Notes
Turn   | Place    | Note
-------+----------+-------------------------------------------
     0 | D:1      | LennartNight the Tengu Berserker began the quest for the
                  | Orb.
     0 | D:1      | Reached XP level 1. HP: 14/14 MP: 2/2
   118 | D:1      | Reached XP level 2. HP: 15/19 MP: 3/3
   618 | D:1      | Reached XP level 3. HP: 23/23 MP: 4/4
   854 | D:2      | Found a hide-covered altar of Uskayaw.
   857 | D:2      | Reached skill level 4 in Long Blades
  1019 | D:2      | Reached ** piety under Trog
  1209 | D:2      | Noticed an ogre
  1215 | D:2      | Slain by an ogre

Levels and vault maps discovered:
D:1:      lemuel_arrival_rhombus, layout_loops_ring
D:2:      layout_basic, old_standard_altar, first_ration, uniq_natasha

Skill      XL: |  1  2  3 |
---------------+----------+-----
Long Blades    | 4 |  4.1
Fighting       | |  3.6
Armour         | |  2.4
Dodging        | |  2.5

Action                   || total
-------------------------++-------
Melee: Falchion          ||    65
       Kick              ||    13
       Peck              ||     8
 Stab: Sleeping          ||     1
Armor: Animal skin       ||     3
       Scale mail        ||     9
       Chain mail        ||    14
Dodge: Dodged            ||    27
       Rpst.: Falchion   ||     5

Table legend:
 A = Non-vault XP
 B = Vault XP
 C = Vault XP percentage of total XP
 D = Non-vault monster count
 E = Vault monster count
 F = Vault count percentage of total count
                 A         B        C        D         E       F
            +---------+---------+-------+---------+---------+-------
      Total |      67 |       0 |   0.0 |      33 |       0 |   0.0
            +---------+---------+-------+---------+---------+-------
        D:1 |      37 |       0 |   0.0 |      22 |       0 |   0.0
        D:2 |      30 |       0 |   0.0 |      11 |       0 |   0.0
            +---------+---------+-------+---------+---------+-------
